 Dungeon Crawl Stone Soup version 0.19.0-19-g8c6edcc (webtiles) character file.

359 toast the Shield-Bearer (level 6, -20/55 HPs)
             Began as a Minotaur Fighter on Nov 16, 2016.
             Was a Follower of Makhleb.
             Engulfed by a cloud of flame (31 damage)
             ... on level 3 of the Dungeon.
             The game lasted 00:06:00 (1966 turns).

toast the Shield-Bearer (Minotaur Fighter)          Turns: 1966, Time: 00:06:00

Health: -20/55     AC:  7    Str: 23    XL:     6   Next: 37%
Magic:  5/5        EV:  7    Int:  5    God:    Makhleb [*.....]
Gold:   115        SH: 10    Dex:  9    Spells: 0 memorised, 5 levels left

rFire  . . .     SeeInvis .     a - +0 war axe
rCold  . . .     Gourm    .     b - +0 scale mail
rNeg   . . .     Faith    .     c - +0 shield
rPois  .         Spirit   .     (helmet restricted)
rElec  .         Reflect  .     (no cloak)
rCorr  .         Harm     .     (no gloves)
MR     .....                    (no boots)
Stlth  ..........               (no amulet)
                                (no ring)
                                (no ring)

@: no status effects
A: retaliatory headbutt, horns 2
a: Renounce Religion


You were on level 3 of the Dungeon.
You worshipped Makhleb.
Makhleb was aware of your devotion.
You were hungry.

You visited 1 branch of the dungeon, and saw 3 of its levels.

You collected 115 gold pieces.

Inventory:

Hand Weapons
 a - a +0 war axe (weapon)
 h - a +0 mace of holy wrath
 l - a +2 mace of crushing
Armour
 b - a +0 scale mail (worn)
 c - a +0 shield (worn)
Jewellery
 n - a +3 amulet of reflection {unknown}
Scrolls
 p - a scroll of identify {unknown}
 r - a scroll of remove curse
 s - a scroll of teleportation {unknown}
Potions
 d - a potion of might
 e - a potion of agility {unknown}
 g - 2 potions of lignification {unknown}
 j - a potion of brilliance {unknown}
 k - a potion of curing
 q - a potion of degeneration {unknown}
Comestibles
 f - a bread ration
 i - a royal jelly
 o - a meat ration


   Skills:
 + Level 4.9 Fighting
 * Level 5.1 Axes
 + Level 5.2 Armour
 + Level 5.3 Shields


You had 5 spell levels left.
You didn't know any spells.

Dungeon Overview and Level Annotations

Branches:
Dungeon (3/15)

Altars:
Ashenzari
Makhleb
Yredelemnul


Innate Abilities, Weirdness & Mutations

You reflexively headbutt those who attack you in melee.
You have a pair of horns on your head.


Message History

Ijyb is heavily wounded.
Ijyb screams, "Die!"
You block Ijyb's attack.
You closely miss Ijyb.
Ijyb is heavily wounded.
Ijyb hits you but does no damage.
You hit Ijyb.
Ijyb is severely wounded.
Ijyb hits you.
Ijyb screams, "No!
No, no, no, no!"
Ijyb hits you.
You slash Ijyb!
Ijyb explodes!
The fiery explosion engulfs you!
Ouch! That really hurt!
* * * LOW HITPOINT WARNING * * *
Makhleb accepts your kill.
You are engulfed in roaring flames.
Ouch! That really hurt!
You die...

#
####.###
#<.....#
#@##.#.#
#§# #§#
%.. ###


There were no monsters in sight!

Vanquished Creatures
  Sigmund (D:2)
  A hound (D:2)
  Natasha (thrice) (D:2)
  Ijyb (D:3)
  An adder (D:2)
  An ooze (D:2)
  A worm (D:2)
  A dart slug (D:1)
  A leopard gecko (D:2)
  6 bats
  2 giant cockroaches (D:1)
  5 hobgoblins
  12 jackals (D:2)
  A quokka (D:2)
  2 frilled lizards
  3 goblins
  7 rats
  A spectral orc (D:2)
50 creatures vanquished.

Notes
Turn   | Place    | Note
-------+----------+-------------------------------------------
     0 | D:1      | toast the Minotaur Fighter began the quest for the Orb.
     0 | D:1      | Reached XP level 1. HP: 19/19 MP: 0/0
   135 | D:1      | Reached XP level 2. HP: 18/26 MP: 1/1
   189 | D:1      | Found a shattered altar of Ashenzari.
   862 | D:2      | Found a burning altar of Makhleb.
   868 | D:2      | Reached XP level 3. HP: 25/33 MP: 2/2
   878 | D:2      | Became a worshipper of Makhleb the Destroyer
   917 | D:2      | Noticed Sigmund
   925 | D:2      | Killed Sigmund
   925 | D:2      | Reached skill level 5 in Shields
   925 | D:2      | Reached XP level 4. HP: 16/41 MP: 3/3
   925 | D:2      | Reached XP level 5. HP: 18/47 MP: 4/4
  1159 | D:2      | Found a basalt altar of Yredelemnul.
  1240 | D:2      | Noticed Natasha
  1241 | D:2      | Killed Natasha
  1241 | D:2      | Reached skill level 5 in Armour
  1330 | D:2      | Reached XP level 6. HP: 52/53 MP: 5/5
  1374 | D:2      | Noticed Natasha
  1380 | D:2      | Killed Natasha
  1380 | D:2      | Reached skill level 5 in Axes
  1609 | D:2      | Noticed Natasha
  1631 | D:2      | Killed Natasha
  1633 | D:2      | Reached * piety under Makhleb
  1960 | D:3      | Noticed Ijyb
  1966 | D:3      | Killed Ijyb
  1966 | D:3      | Engulfed by a cloud of flame

Skill      XL: |  1  2  3  4  5  6 |
---------------+-------------------+-----
Axes           | 3 4 5 |  5.1
Shields        | 4 5 |  5.3
Armour         | 4 5 |  5.2
Fighting       | 4 |  4.9

Action                   |  1- 3 |  4- 6 || total
-------------------------+-------+-------++-------
Melee: War axe           |    60 |    75 ||   135
       Mace              |     6 |     7 ||    13
       Headbutt          |     9 |    10 ||    19
  Use: Scroll            |     3 |     2 ||     5
       Potion            |       |     1 ||     1
  Eat: Chunk             |       |     3 ||     3
Armor: Scale mail        |    35 |    32 ||    67
Dodge: Dodged            |    33 |    33 ||    66
Block: Shield            |    43 |    58 ||   101
